2176 views
Uploaded 2022-07-27 03:01:11
Game version 1.32.10
78:48 long 1on1on1on1 ladder game on (6)NeonCity
Saved by ǢƂŎ
2176 views
Uploaded 2022-07-27 03:01:11
Game version 1.32.10
78:48 long 1on1on1on1 ladder game on (6)NeonCity

54 units @ 9.2k
/ 1.4k
15 buildings @ 2.4k
/ 0.9k



| Orb of Corruption | 1 | 375 |
| Scroll of Town Portal | 1 | 350 |
| total: | 2 | 725g |
| Acolyte | 3 | 225 | / | 0 |
| Ghoul | 18 | 2160 | / | 0 |
| Crypt Fiend | 7 | 1505 | / | 280 |
| Meat Wagon | 5 | 1150 | / | 250 |
| Obsidian Statue | 7 | 1400 | / | 245 |
| Abomination | 7 | 1680 | / | 490 |
| Necromancer | 3 | 435 | / | 60 |
| Gargoyle | 1 | 175 | / | 30 |
| Banshee | 3 | 465 | / | 90 |
| total: | 54 | 9195g | / | 1445w |
| Nerubian Tower | 3 | 300 | / | 60 |
| Spirit Tower | 4 | 580 | / | 160 |
| Altar of Darkness | 1 | 180 | / | 50 |
| Ziggurat | 9 | 1350 | / | 450 |
| Crypt | 1 | 200 | / | 50 |
| Graveyard | 1 | 215 | / | 0 |
| Tomb of Relics | 1 | 130 | / | 30 |
| Slaughterhouse | 1 | 140 | / | 135 |
| Temple of the Damned | 1 | 155 | / | 140 |
| Halls of the Dead | 1 | 320 | / | 210 |
| Black Citadel | 1 | 325 | / | 230 |
| total: | 15 | 2370g | / | 855w |
| 0:12 | Altar of Darkness |
| 0:18 | Ziggurat |
| 0:28 | Crypt |
| 0:42 | Acolyte |
| 0:47 | Acolyte |
| 1:30 | Ghoul |
| 1:32 | Ghoul |
| 1:34 | Cannibalize |
| 1:39 | Ghoul |
| 1:55 | Ziggurat |
| 2:17 | Carrion Beetles |
| 2:58 | Ghoul |
| 2:58 | Ghoul |
| 3:02 | Halls of the Dead |
| 3:40 | Nerubian Tower |
| 3:43 | Nerubian Tower |
| 3:52 | Graveyard |
| 3:59 | Ziggurat |
| 4:28 | Ghoul |
| 4:31 | Ghoul |
| 5:20 | Unholy Strength |
| 5:21 | Unholy Armor |
| 5:27 | Crypt Fiend |
| 5:28 | Web |
| 5:35 | Crypt Fiend |
| 6:11 | Spiked Carapace |
| 6:51 | Spirit Tower |
| 6:55 | Ghoul |
| 6:56 | Crypt Fiend |
| 7:04 | Slaughterhouse |
| 8:21 | Carrion Beetles |
| 8:52 | Meat Wagon |
| 8:55 | Ghoul |
| 8:56 | Burrow |
| 8:57 | Crypt Fiend |
| 8:58 | Ghoul |
| 9:15 | Tomb of Relics |
| 9:20 | Ziggurat |
| 9:33 | Meat Wagon |
| 10:06 | Vampiric Aura |
| 10:10 | Ghoul |
| 10:12 | Ghoul |
| 10:21 | Obsidian Statue |
| 11:09 | Black Citadel |
| 11:12 | Obsidian Statue |
| 12:11 | Scroll of Town Portal |
| 12:22 | Ziggurat |
| 12:24 | Spirit Tower |
| 13:57 | Abomination |
| 13:58 | Abomination |
| 13:59 | Disease Cloud |
| 14:00 | Abomination |
| 14:05 | Ghoul |
| 15:39 | Spirit Tower |
| 15:51 | Ziggurat |
| 16:13 | Ghoul Frenzy |
| 16:15 | Stone Form |
| 16:17 | Ghoul |
| 16:53 | Obsidian Statue |
| 17:06 | Crypt Fiend |
| 17:21 | Temple of the Damned |
| 17:40 | Ziggurat |
| 17:50 | Nerubian Tower |
| 18:06 | Creature Attack |
| 18:59 | Orb of Corruption |
| 19:07 | Obsidian Statue |
| 19:31 | Skeletal Mastery |
| 19:38 | Necromancer |
| 19:53 | Spirit Tower |
| 20:16 | Gargoyle |
| 20:39 | Banshee |
| 20:47 | Necromancer Adept Training |
| 21:05 | Obsidian Statue |
| 21:44 | Backpack |
| 21:55 | Abomination |
| 21:58 | Meat Wagon |
| 22:03 | Ghoul |
| 22:29 | Abomination |
| 24:01 | Acolyte |
| 24:25 | Ghoul |
| 24:27 | Crypt Fiend |
| 24:30 | Necromancer |
| 24:31 | Banshee |
| 25:01 | Carrion Swarm |
| 26:26 | Ghoul |
| 26:28 | Ghoul |
| 26:29 | Crypt Fiend |
| 26:36 | Obsidian Statue |
| 28:03 | Necromancer |
| 28:04 | Necromancer Master Training |
| 28:04 | Banshee Adept Training |
| 28:05 | Banshee |
| 28:08 | Abomination |
| 28:12 | Obsidian Statue |
| 28:40 | Unholy Aura |
| 28:51 | Meat Wagon |
| 30:23 | Meat Wagon |
| 30:25 | Abomination |
| 34:10 | Ziggurat |
| 34:22 | Ziggurat |
| Select | 218 |
| Build/train/purchase | 119 |
| Right click | 111 |
| Use ability | 10 |
| Misc. action | 9 |
103 units @ 16.5k
/ 2.7k
105 buildings @ 15.9k
/ 8.9k



| Healing Salve | 4 | 400 |
| Lesser Clarity Potion | 9 | 630 |
| Scroll of Speed | 1 | 50 |
| Orb of Lightning | 2 | 750 |
| Potion of Mana | 3 | 600 |
| Scroll of Town Portal | 12 | 4200 |
| Circlet of Nobility | 1 | 175 |
| Potion of Invulnerability | 1 | 400 |
| Potion of Greater Healing | 1 | 400 |
| Ankh of Reincarnation | 1 | 450 |
| Khadgar's Gem of Health | 1 | 600 |
| Pendant of Mana | 1 | 600 |
| Legion Doom-Horn | 1 | 500 |
| total: | 38 | 9755g |
| Peon | 32 | 2400 | / | 0 |
| Troll Headhunter | 11 | 1540 | / | 220 |
| Shaman | 8 | 1040 | / | 160 |
| Kodo Beast | 1 | 255 | / | 60 |
| Troll Batrider | 6 | 960 | / | 240 |
| Troll Witch Doctor | 9 | 1305 | / | 225 |
| Troll Berserker | 5 | 700 | / | 100 |
| Spirit Walker | 5 | 975 | / | 175 |
| Wind Rider | 15 | 3975 | / | 600 |
| Tauren | 6 | 1680 | / | 480 |
| Raider | 1 | 180 | / | 40 |
| Goblin Shredder | 4 | 1500 | / | 400 |
| total: | 103 | 16510g | / | 2700w |
| Watch Tower | 63 | 6930 | / | 5040 |
| War Mill | 2 | 410 | / | 0 |
| Orc Burrow | 10 | 1600 | / | 400 |
| Barracks | 2 | 360 | / | 100 |
| Altar of Storms | 1 | 180 | / | 50 |
| Voodoo Lounge | 9 | 1170 | / | 270 |
| Great Hall | 11 | 4235 | / | 2035 |
| Spirit Lodge | 2 | 300 | / | 300 |
| Beastiary | 3 | 435 | / | 420 |
| Tauren Totem | 2 | 270 | / | 310 |
| Stronghold | 5 | 1575 | / | 950 |
| Fortress | 2 | 650 | / | 380 |
| total: | 105 | 15890g | / | 8925w |
| 0:02 | Peon |
| 0:02 | Peon |
| 0:02 | Peon |
| 0:11 | War Mill |
| 0:34 | Orc Burrow |
| 0:37 | Peon |
| 0:51 | Barracks |
| 0:57 | Peon |
| 1:11 | Peon |
| 1:21 | Altar of Storms |
| 1:26 | Peon |
| 1:39 | Orc Burrow |
| 1:54 | Troll Headhunter |
| 1:54 | Troll Headhunter |
| 2:06 | Troll Headhunter |
| 2:06 | Troll Headhunter |
| 2:14 | Peon |
| 2:14 | Peon |
| 2:14 | Peon |
| 2:28 | Troll Headhunter |
| 2:28 | Troll Headhunter |
| 2:49 | Pocket Factory |
| 3:04 | Stronghold |
| 3:04 | Stronghold |
| 3:14 | Troll Headhunter |
| 3:14 | Troll Headhunter |
| 3:27 | Steel Ranged Weapons |
| 3:27 | Thorium Ranged Weapons |
| 3:36 | Troll Headhunter |
| 3:36 | Troll Headhunter |
| 3:53 | Orc Burrow |
| 4:08 | Voodoo Lounge |
| 4:16 | Engineering Upgrade |
| 4:24 | Watch Tower |
| 4:31 | Steel Armor |
| 5:17 | Great Hall |
| 5:53 | Peon |
| 6:02 | Troll Regeneration |
| 6:13 | Reinforced Defenses |
| 6:36 | Peon |
| 6:45 | War Stomp |
| 6:53 | Orc Burrow |
| 7:08 | Peon |
| 7:33 | Troll Headhunter |
| 7:37 | Spirit Lodge |
| 7:54 | Fortress |
| 8:06 | Healing Salve |
| 8:06 | Lesser Clarity Potion |
| 8:07 | Scroll of Speed |
| 8:17 | Lesser Clarity Potion |
| 8:22 | Peon |
| 8:22 | Peon |
| 8:22 | Peon |
| 8:25 | Peon |
| 8:25 | Peon |
| 8:41 | Thorium Armor |
| 9:08 | Cluster Rockets |
| 9:12 | Endurance Aura |
| 9:28 | Peon |
| 9:28 | Peon |
| 9:28 | Peon |
| 9:49 | Watch Tower |
| 9:54 | Watch Tower |
| 9:57 | Peon |
| 10:04 | Arcanite Ranged Weapons |
| 10:23 | Peon |
| 10:33 | Great Hall |
| 10:36 | Voodoo Lounge |
| 10:40 | Watch Tower |
| 10:51 | Spiked Barricades |
| 10:59 | Voodoo Lounge |
| 11:25 | War Stomp |
| 11:46 | Watch Tower |
| 11:51 | Watch Tower |
| 12:20 | Cluster Rockets |
| 12:27 | Berserker Upgrade |
| 12:34 | Shaman Adept Training |
| 12:34 | Shaman |
| 12:51 | Healing Salve |
| 12:51 | Lesser Clarity Potion |
| 12:55 | Orb of Lightning |
| 13:09 | Watch Tower |
| 13:33 | Goblin Shredder |
| 13:33 | Goblin Shredder |
| 13:51 | War Mill |
| 14:04 | Orc Burrow |
| 14:09 | Beastiary |
| 14:18 | Barracks |
| 14:24 | Healing Wave |
| 14:56 | Endurance Aura |
| 15:15 | Kodo Beast |
| 15:15 | War Drums Damage Increase |
| 15:20 | Watch Tower |
| 15:25 | Watch Tower |
| 15:41 | Hex |
| 16:02 | Shaman Master Training |
| 16:02 | Shaman |
| 16:06 | Improved Spiked Barricades |
| 16:32 | Great Hall |
| 16:47 | Troll Batrider |
| 16:48 | Liquid Fire |
| 17:07 | Great Hall |
| 17:10 | Orc Burrow |
| 17:15 | Watch Tower |
| 17:45 | Shaman |
| 17:46 | Witch Doctor Adept Training |
| 17:55 | Spirit Lodge |
| 18:03 | Cluster Rockets |
| 18:19 | Potion of Invulnerability |
| 18:24 | Potion of Greater Healing |
| 18:25 | Ankh of Reincarnation |
| 18:55 | Voodoo Lounge |
| 18:56 | Watch Tower |
| 18:58 | Watch Tower |
| 19:02 | Goblin Shredder |
| 19:02 | Goblin Shredder |
| 19:10 | Watch Tower |
| 19:24 | Witch Doctor Master Training |
| 19:25 | Troll Witch Doctor |
| 19:28 | Watch Tower |
| 19:28 | Watch Tower |
| 19:43 | Healing Wave |
| 20:05 | Watch Tower |
| 21:02 | Great Hall |
| 21:06 | Peon |
| 21:06 | Peon |
| 21:06 | Peon |
| 21:12 | Orc Burrow |
| 22:06 | Troll Batrider |
| 22:06 | Troll Batrider |
| 22:08 | Troll Berserker |
| 22:08 | Troll Berserker |
| 22:10 | Troll Witch Doctor |
| 22:15 | Watch Tower |
| 22:19 | Watch Tower |
| 22:48 | War Stomp |
| 23:05 | Hex |
| 23:39 | Healing Salve |
| 23:39 | Lesser Clarity Potion |
| 23:55 | Scroll of Town Portal |
| 24:02 | Scroll of Town Portal |
| 24:02 | Orb of Lightning |
| 24:03 | Lesser Clarity Potion |
| 24:06 | Potion of Mana |
| 24:18 | Troll Batrider |
| 24:19 | Shaman |
| 24:21 | Troll Berserker |
| 24:25 | Peon |
| 24:25 | Peon |
| 24:25 | Peon |
| 24:32 | Watch Tower |
| 24:35 | Watch Tower |
| 24:38 | Watch Tower |
| 24:42 | Arcanite Armor |
| 24:49 | Voodoo Lounge |
| 24:53 | Watch Tower |
| 24:57 | Khadgar's Gem of Health |
| 25:01 | Pendant of Mana |
| 25:04 | Legion Doom-Horn |
| 25:10 | Circlet of Nobility |
| 25:43 | Beastiary |
| 26:00 | Watch Tower |
| 26:04 | Beastiary |
| 26:08 | Watch Tower |
| 26:39 | Steel Melee Weapons |
| 26:41 | Troll Witch Doctor |
| 26:44 | Pillage |
| 26:46 | Watch Tower |
| 26:49 | Watch Tower |
| 26:50 | Watch Tower |
| 27:00 | Troll Batrider |
| 27:06 | Tauren Totem |
| 27:25 | Robo-Goblin |
| 28:12 | Troll Batrider |
| 28:14 | Watch Tower |
| 28:15 | Watch Tower |
| 28:18 | Spirit Walker Adept Training |
| 28:19 | Spirit Walker |
| 28:46 | Healing Wave |
| 29:10 | Reincarnation |
| 29:39 | Wind Rider |
| 29:39 | Wind Rider |
| 29:39 | Envenomed Spears |
| 29:49 | Troll Berserker |
| 30:33 | Engineering Upgrade |
| 30:54 | Spirit Walker Master Training |
| 30:54 | Spirit Walker |
| 30:54 | Pulverize |
| 30:57 | Tauren Totem |
| 31:03 | Big Bad Voodoo |
| 31:39 | Shockwave |
| 31:46 | Shaman |
| 31:47 | Troll Witch Doctor |
| 31:52 | Great Hall |
| 31:55 | Watch Tower |
| 31:56 | Watch Tower |
| 31:57 | Watch Tower |
| 31:59 | Watch Tower |
| 32:12 | Spirit Walker |
| 33:09 | Watch Tower |
| 33:10 | Watch Tower |
| 33:34 | Tauren |
| 33:55 | Voodoo Lounge |
| 34:15 | Great Hall |
| 34:19 | Orc Burrow |
| 34:21 | Watch Tower |
| 34:23 | Watch Tower |
| 34:42 | Watch Tower |
| 34:43 | Watch Tower |
| 34:44 | Watch Tower |
| 34:49 | Wind Rider |
| 34:55 | Watch Tower |
| 34:56 | Watch Tower |
| 35:23 | Watch Tower |
| 35:24 | Watch Tower |
| 35:30 | Watch Tower |
| 35:31 | Watch Tower |
| 35:48 | Thorium Melee Weapons |
| 37:54 | Tauren |
| 38:04 | Watch Tower |
| 38:05 | Watch Tower |
| 38:06 | Watch Tower |
| 38:35 | Arcanite Melee Weapons |
| 39:47 | Engineering Upgrade |
| 40:03 | Raider |
| 40:03 | Ensnare |
| 40:11 | Tauren |
| 40:14 | Troll Witch Doctor |
| 40:27 | Scroll of Town Portal |
| 40:39 | Watch Tower |
| 41:54 | Great Hall |
| 41:57 | Orc Burrow |
| 41:59 | Watch Tower |
| 42:27 | Hex |
| 44:05 | Watch Tower |
| 44:06 | Watch Tower |
| 44:14 | Voodoo Lounge |
| 45:32 | Watch Tower |
| 45:48 | Watch Tower |
| 46:16 | Voodoo Lounge |
| 46:23 | Wind Rider |
| 47:19 | Wind Rider |
| 47:22 | Watch Tower |
| 47:23 | Watch Tower |
| 48:30 | Great Hall |
| 50:01 | Wind Rider |
| 50:02 | Shaman |
| 50:03 | Troll Witch Doctor |
| 50:15 | Lesser Clarity Potion |
| 50:17 | Potion of Mana |
| 50:30 | Troll Berserker |
| 50:33 | Tauren |
| 50:49 | Scroll of Town Portal |
| 51:13 | Scroll of Town Portal |
| 51:22 | Scroll of Town Portal |
| 51:57 | Great Hall |
| 52:08 | Wind Rider |
| 52:11 | Shaman |
| 52:11 | Troll Witch Doctor |
| 52:24 | Lesser Clarity Potion |
| 52:27 | Potion of Mana |
| 52:30 | Scroll of Town Portal |
| 52:45 | Wind Rider |
| 52:52 | Watch Tower |
| 52:54 | Watch Tower |
| 53:26 | Endurance Aura |
| 53:46 | Tauren |
| 54:08 | Spirit Walker |
| 54:10 | Wind Rider |
| 54:21 | Scroll of Town Portal |
| 56:28 | Scroll of Town Portal |
| 56:41 | Shaman |
| 56:45 | Tauren |
| 56:47 | Wind Rider |
| 59:04 | Great Hall |
| 61:53 | Watch Tower |
| 61:54 | Watch Tower |
| 62:41 | Wind Rider |
| 62:46 | Watch Tower |
| 63:00 | Watch Tower |
| 63:42 | Wind Rider |
| 64:00 | Peon |
| 64:02 | Orc Burrow |
| 64:06 | Voodoo Lounge |
| 64:15 | Wind Rider |
| 64:38 | Scroll of Town Portal |
| 65:17 | Troll Witch Doctor |
| 68:25 | Pocket Factory |
| 68:33 | Serpent Ward |
| 69:06 | Wind Rider |
| 69:48 | Wind Rider |
| 71:12 | Lesser Clarity Potion |
| 71:34 | Scroll of Town Portal |
| 71:41 | Spirit Walker |
| 72:05 | Troll Witch Doctor |
| 72:53 | Shockwave |
| 73:28 | Lesser Clarity Potion |
| 73:30 | Healing Salve |
| 73:35 | Scroll of Town Portal |
| 78:17 | Peon |
| 78:17 | Peon |
| Right click | 2821 |
| Select group | 2653 |
| Select | 1466 |
| Build/train/purchase | 442 |
| Use ability | 385 |
| Misc. action | 238 |
| Assign group | 96 |
| Item give/drop | 7 |
89 units @ 13.2k
/ 2.1k
44 buildings @ 7.7k
/ 4k


| Orb of Venom | 2 | 650 |
| Potion of Healing | 1 | 150 |
| Scroll of Healing | 1 | 250 |
| Scroll of Town Portal | 1 | 350 |
| Boots of Speed | 2 | 500 |
| Claws of Attack +12 | 1 | 500 |
| Khadgar's Gem of Health | 2 | 1200 |
| total: | 10 | 3600g |
| Wisp | 47 | 2820 | / | 0 |
| Archer | 5 | 650 | / | 50 |
| Huntress | 7 | 1365 | / | 140 |
| Chimaera | 13 | 4290 | / | 910 |
| Faerie Dragon | 1 | 155 | / | 25 |
| Hippogryph | 7 | 1120 | / | 140 |
| Mountain Giant | 4 | 1400 | / | 400 |
| Druid of the Claw | 4 | 1020 | / | 320 |
| Goblin Shredder | 1 | 375 | / | 100 |
| total: | 89 | 13195g | / | 2085w |
| Ancient Protector | 14 | 1890 | / | 1120 |
| Altar of Elders | 4 | 720 | / | 200 |
| Moon Well | 9 | 1620 | / | 360 |
| Ancient of War | 1 | 150 | / | 60 |
| Hunter's Hall | 2 | 420 | / | 200 |
| Ancient of Wonders | 2 | 180 | / | 60 |
| Tree of Life | 5 | 1700 | / | 925 |
| Ancient of Wind | 3 | 450 | / | 420 |
| Ancient of Lore | 2 | 310 | / | 290 |
| Chimaera Roost | 2 | 280 | / | 380 |
| Tree of Ages | 3 | 960 | / | 540 |
| Tree of Eternity | 2 | 660 | / | 400 |
| total: | 44 | 7720g | / | 4015w |
| 0:01 | Wisp |
| 0:02 | Wisp |
| 0:05 | Altar of Elders |
| 0:07 | Moon Well |
| 0:28 | Ancient of War |
| 0:33 | Wisp |
| 0:42 | Wisp |
| 0:49 | Wisp |
| 1:07 | Wisp |
| 1:22 | Wisp |
| 1:30 | Archer |
| 1:32 | Moon Well |
| 1:44 | Archer |
| 2:11 | Mana Burn |
| 2:22 | Hunter's Hall |
| 2:26 | Archer |
| 2:27 | Wisp |
| 2:35 | Wisp |
| 2:42 | Archer |
| 2:51 | Wisp |
| 3:02 | Archer |
| 3:07 | Wisp |
| 3:21 | Evasion |
| 3:25 | Strength of the Moon |
| 3:34 | Moon Well |
| 4:05 | Tree of Ages |
| 4:28 | Moon Armor |
| 4:57 | Ultravision |
| 5:21 | Huntress |
| 5:21 | Huntress |
| 5:34 | Moon Well |
| 5:36 | Ancient Protector |
| 6:16 | Ancient of Wonders |
| 6:47 | Moon Glaive |
| 6:55 | Improved Strength of the Moon |
| 7:07 | Wisp |
| 7:08 | Wisp |
| 7:25 | Shadow Strike |
| 7:44 | Tree of Life |
| 8:02 | Nature's Blessing |
| 8:14 | Ancient Protector |
| 8:14 | Ancient Protector |
| 8:24 | Mana Burn |
| 8:30 | Wisp |
| 8:31 | Wisp |
| 8:49 | Ancient Protector |
| 8:57 | Huntress |
| 9:22 | Ancient Protector |
| 9:28 | Huntress |
| 9:47 | Improved Moon Armor |
| 10:06 | Huntress |
| 10:07 | Huntress |
| 10:15 | Wisp |
| 10:22 | Wisp |
| 10:33 | Wisp |
| 10:34 | Wisp |
| 11:09 | Goblin Shredder |
| 11:17 | Wisp |
| 11:17 | Wisp |
| 11:56 | Tree of Eternity |
| 12:02 | Wisp |
| 12:05 | Moon Well |
| 12:08 | Moon Well |
| 12:33 | Huntress |
| 12:47 | Fan of Knives |
| 12:53 | Wisp |
| 13:02 | Moon Well |
| 13:07 | Strength of the Wild |
| 13:19 | Wisp |
| 13:19 | Wisp |
| 13:25 | Ancient Protector |
| 13:45 | Moon Well |
| 13:52 | Ancient Protector |
| 14:18 | Chimaera Roost |
| 14:20 | Well Spring |
| 15:10 | Moon Well |
| 15:13 | Improved Strength of the Wild |
| 15:23 | Shadow Strike |
| 15:24 | Evasion |
| 15:28 | Reinforced Hides |
| 15:30 | Wisp |
| 15:30 | Wisp |
| 15:35 | Chimaera Roost |
| 15:39 | Ancient of Wind |
| 15:40 | Ancient of Wind |
| 15:41 | Corrosive Breath |
| 15:47 | Ancient of Wind |
| 16:11 | Ancient Protector |
| 16:38 | Chimaera |
| 16:53 | Chimaera |
| 16:55 | Advanced Strength of the Wild |
| 16:55 | Advanced Strength of the Moon |
| 17:04 | Chimaera |
| 17:35 | Chimaera |
| 17:39 | Faerie Dragon |
| 17:46 | Improved Reinforced Hides |
| 18:06 | Tree of Life |
| 18:30 | Wisp |
| 18:35 | Tree of Life |
| 18:38 | Chimaera |
| 18:59 | Wisp |
| 18:59 | Wisp |
| 19:03 | Ancient Protector |
| 19:04 | Ancient Protector |
| 19:44 | Wisp |
| 19:49 | Tree of Life |
| 20:00 | Orb of Venom |
| 20:14 | Ancient of Lore |
| 20:33 | Chimaera |
| 20:50 | Boots of Speed |
| 20:52 | Fan of Knives |
| 21:00 | Boots of Speed |
| 21:12 | Scroll of Healing |
| 21:29 | Druid of the Claw Adept Training |
| 21:30 | Abolish Magic |
| 21:36 | Wisp |
| 21:36 | Wisp |
| 21:36 | Wisp |
| 21:39 | Wisp |
| 21:39 | Wisp |
| 22:11 | Advanced Reinforced Hides |
| 22:46 | Mana Burn |
| 23:21 | Hippogryph |
| 23:28 | Hippogryph |
| 23:30 | Chimaera |
| 23:31 | Chimaera |
| 23:38 | Wisp |
| 23:40 | Wisp |
| 23:40 | Wisp |
| 23:40 | Wisp |
| 23:41 | Wisp |
| 24:17 | Druid of the Claw Master Training |
| 24:19 | Ancient of Lore |
| 24:22 | Hardened Skin |
| 24:26 | Hippogryph |
| 24:32 | Wisp |
| 24:51 | Advanced Moon Armor |
| 24:55 | Resistant Skin |
| 24:56 | Mark of the Claw |
| 25:03 | Chimaera |
| 25:03 | Chimaera |
| 25:21 | Orb of Venom |
| 25:22 | Scroll of Town Portal |
| 25:36 | Mountain Giant |
| 25:57 | Claws of Attack +12 |
| 26:11 | Khadgar's Gem of Health |
| 26:11 | Khadgar's Gem of Health |
| 26:21 | Hippogryph |
| 26:55 | Hippogryph |
| 26:56 | Chimaera |
| 27:20 | Mountain Giant |
| 27:39 | Mountain Giant |
| 28:25 | Druid of the Claw |
| 28:26 | Druid of the Claw |
| 28:41 | Potion of Healing |
| 29:27 | Mountain Giant |
| 29:46 | Chimaera |
| 30:40 | Druid of the Claw |
| 30:40 | Druid of the Claw |
| 30:56 | Hippogryph |
| 31:34 | Hippogryph |
| 31:35 | Chimaera |
| 31:48 | Altar of Elders |
| 32:12 | Tree of Ages |
| 32:44 | Tree of Life |
| 33:50 | Ancient Protector |
| 33:51 | Ancient Protector |
| 33:51 | Ancient Protector |
| 33:52 | Ancient Protector |
| 34:18 | Hunter's Hall |
| 34:21 | Ancient of Wonders |
| 34:54 | Tree of Eternity |
| 34:56 | Wisp |
| 34:57 | Wisp |
| 34:57 | Wisp |
| 34:57 | Wisp |
| 34:58 | Wisp |
| 35:43 | Metamorphosis |
| 36:39 | Altar of Elders |
| 36:42 | Altar of Elders |
| Right click | 1368 |
| Select | 629 |
| Select group | 562 |
| Build/train/purchase | 221 |
| Misc. action | 177 |
| Use ability | 117 |
| Assign group | 53 |
| Chat | 12 |
| Remove unit | 3 |
| Item give/drop | 2 |
| Esc | 2 |
134 units @ 17.4k
/ 2.6k
71 buildings @ 14.3k
/ 6.6k



| Healing Salve | 8 | 800 |
| Potion of Healing | 1 | 150 |
| Tiny Great Hall | 5 | 3000 |
| Orb of Lightning | 2 | 750 |
| Scroll of Speed | 2 | 100 |
| Lesser Clarity Potion | 2 | 140 |
| Potion of Mana | 2 | 400 |
| Scroll of Town Portal | 6 | 2100 |
| Helm of Valor | 2 | 1000 |
| Claws of Attack +9 | 2 | 600 |
| Khadgar's Gem of Health | 4 | 2400 |
| Legion Doom-Horn | 1 | 500 |
| Amulet of Spell Shield | 1 | 600 |
| Khadgar's Pipe of Insight | 1 | 500 |
| Medallion of Courage | 1 | 500 |
| total: | 40 | 13540g |
| Peon | 75 | 5625 | / | 0 |
| Troll Headhunter | 10 | 1400 | / | 200 |
| Troll Berserker | 5 | 700 | / | 100 |
| Shaman | 4 | 520 | / | 80 |
| Troll Witch Doctor | 5 | 725 | / | 125 |
| Troll Batrider | 11 | 1760 | / | 440 |
| Kodo Beast | 3 | 765 | / | 180 |
| Tauren | 7 | 1960 | / | 560 |
| Wind Rider | 1 | 265 | / | 40 |
| Spirit Walker | 5 | 975 | / | 175 |
| Goblin Shredder | 6 | 2250 | / | 600 |
| Goblin Zeppelin | 2 | 480 | / | 120 |
| total: | 134 | 17425g | / | 2620w |
| Watch Tower | 3 | 330 | / | 240 |
| Orc Burrow | 20 | 3200 | / | 800 |
| Altar of Storms | 2 | 360 | / | 100 |
| War Mill | 2 | 410 | / | 0 |
| Barracks | 5 | 900 | / | 250 |
| Voodoo Lounge | 10 | 1300 | / | 300 |
| Great Hall | 15 | 5775 | / | 2775 |
| Spirit Lodge | 4 | 600 | / | 600 |
| Beastiary | 3 | 435 | / | 420 |
| Tauren Totem | 7 | 945 | / | 1085 |
| Stronghold | 4 | 1260 | / | 760 |
| Fortress | 5 | 1625 | / | 950 |
| total: | 71 | 14255g | / | 6570w |
| 0:03 | Peon |
| 0:03 | Peon |
| 0:19 | Orc Burrow |
| 0:25 | Peon |
| 0:34 | Altar of Storms |
| 0:42 | Peon |
| 0:50 | War Mill |
| 1:00 | Peon |
| 1:05 | Barracks |
| 1:14 | Peon |
| 1:31 | Peon |
| 1:43 | Orc Burrow |
| 1:46 | Peon |
| 2:06 | Troll Headhunter |
| 2:14 | Troll Headhunter |
| 2:26 | Voodoo Lounge |
| 2:36 | Mirror Image |
| 2:36 | Mirror Image |
| 2:43 | Troll Headhunter |
| 3:13 | Stronghold |
| 3:25 | Troll Headhunter |
| 4:02 | Great Hall |
| 4:08 | Critical Strike |
| 4:36 | Troll Headhunter |
| 4:38 | Orc Burrow |
| 4:40 | Healing Salve |
| 4:40 | Healing Salve |
| 4:55 | Voodoo Lounge |
| 5:02 | Troll Headhunter |
| 6:14 | Fortress |
| 6:16 | Troll Regeneration |
| 6:53 | Troll Headhunter |
| 7:10 | Healing Salve |
| 7:13 | Potion of Healing |
| 7:14 | Serpent Ward |
| 7:15 | Serpent Ward |
| 7:24 | Troll Headhunter |
| 7:59 | Troll Headhunter |
| 8:07 | Troll Headhunter |
| 9:00 | Tiny Great Hall |
| 9:00 | Tiny Great Hall |
| 9:14 | Hex |
| 9:25 | Mirror Image |
| 9:27 | Berserker Upgrade |
| 10:17 | Voodoo Lounge |
| 10:19 | Peon |
| 10:20 | Peon |
| 10:20 | Peon |
| 10:21 | Peon |
| 10:21 | Peon |
| 10:45 | Goblin Shredder |
| 10:45 | Goblin Shredder |
| 11:27 | Troll Berserker |
| 11:29 | Spirit Lodge |
| 12:11 | Goblin Zeppelin |
| 12:11 | Goblin Zeppelin |
| 12:39 | Troll Berserker |
| 12:41 | War Stomp |
| 12:46 | Shaman |
| 12:47 | Troll Berserker |
| 12:48 | Barracks |
| 13:06 | Tiny Great Hall |
| 13:50 | Healing Wave |
| 14:54 | Critical Strike |
| 15:04 | Barracks |
| 15:05 | Peon |
| 15:07 | Steel Ranged Weapons |
| 15:07 | Steel Armor |
| 15:46 | Tiny Great Hall |
| 15:46 | Orb of Lightning |
| 15:49 | Scroll of Town Portal |
| 15:57 | Endurance Aura |
| 18:40 | Peon |
| 18:40 | Peon |
| 18:40 | Peon |
| 18:40 | Peon |
| 18:41 | Peon |
| 19:04 | Orc Burrow |
| 20:29 | Orc Burrow |
| 20:30 | Peon |
| 20:30 | Peon |
| 20:30 | Peon |
| 20:55 | Voodoo Lounge |
| 20:59 | Endurance Aura |
| 21:24 | Orc Burrow |
| 21:26 | Peon |
| 21:58 | Altar of Storms |
| 22:02 | Healing Salve |
| 22:08 | Healing Salve |
| 22:11 | Scroll of Speed |
| 23:12 | Orc Burrow |
| 23:43 | Stronghold |
| 24:01 | Helm of Valor |
| 24:08 | Claws of Attack +9 |
| 24:59 | Critical Strike |
| 25:24 | Healing Salve |
| 25:24 | Scroll of Speed |
| 25:24 | Lesser Clarity Potion |
| 25:46 | War Stomp |
| 26:30 | Peon |
| 26:30 | Peon |
| 26:30 | Peon |
| 26:30 | Peon |
| 26:31 | Peon |
| 26:49 | Beastiary |
| 26:52 | Beastiary |
| 26:54 | Fortress |
| 27:18 | Khadgar's Gem of Health |
| 27:19 | Legion Doom-Horn |
| 27:22 | Claws of Attack +9 |
| 27:47 | Amulet of Spell Shield |
| 28:06 | Great Hall |
| 28:09 | Peon |
| 28:17 | Spirit Lodge |
| 29:07 | Scroll of Town Portal |
| 29:18 | Liquid Fire |
| 29:21 | War Mill |
| 30:16 | Orc Burrow |
| 30:43 | Healing Wave |
| 31:10 | Peon |
| 31:10 | Peon |
| 31:10 | Peon |
| 31:10 | Peon |
| 31:16 | Barracks |
| 31:17 | Barracks |
| 31:20 | Thorium Ranged Weapons |
| 31:21 | Thorium Armor |
| 31:21 | Arcanite Armor |
| 31:25 | Goblin Shredder |
| 31:33 | Troll Witch Doctor |
| 31:34 | Witch Doctor Adept Training |
| 31:34 | Shaman Adept Training |
| 31:37 | Spirit Lodge |
| 31:47 | War Stomp |
| 31:49 | Voodoo Lounge |
| 32:05 | Orc Burrow |
| 33:05 | Tiny Great Hall |
| 33:13 | Orc Burrow |
| 34:05 | Peon |
| 34:15 | Healing Wave |
| 34:30 | Bladestorm |
| 34:52 | Troll Batrider |
| 34:56 | Reinforced Defenses |
| 35:24 | Troll Batrider |
| 35:24 | Troll Batrider |
| 35:25 | Troll Batrider |
| 35:28 | Peon |
| 35:28 | Peon |
| 36:32 | Troll Batrider |
| 36:39 | Orb of Lightning |
| 36:59 | Orc Burrow |
| 37:00 | Arcanite Ranged Weapons |
| 37:52 | Troll Berserker |
| 37:52 | Troll Berserker |
| 37:54 | Spirit Lodge |
| 37:57 | Witch Doctor Master Training |
| 37:57 | Shaman Master Training |
| 38:00 | Envenomed Spears |
| 38:01 | War Drums Damage Increase |
| 38:04 | Kodo Beast |
| 38:08 | Kodo Beast |
| 38:45 | Tauren Totem |
| 38:45 | Tauren Totem |
| 38:47 | Peon |
| 38:47 | Peon |
| 38:55 | Khadgar's Pipe of Insight |
| 39:24 | Reincarnation |
| 39:50 | Tauren Totem |
| 39:51 | Tauren Totem |
| 39:58 | Peon |
| 39:58 | Peon |
| 40:14 | Great Hall |
| 40:21 | Big Bad Voodoo |
| 40:31 | Troll Witch Doctor |
| 40:33 | Spiked Barricades |
| 40:44 | Shaman |
| 41:28 | Helm of Valor |
| 41:34 | Medallion of Courage |
| 41:50 | Khadgar's Gem of Health |
| 42:02 | Watch Tower |
| 42:04 | Great Hall |
| 42:13 | Tauren Totem |
| 42:16 | Tauren Totem |
| 43:43 | Scroll of Town Portal |
| 44:01 | Tauren |
| 44:02 | Tauren |
| 44:15 | Steel Melee Weapons |
| 44:16 | Thorium Melee Weapons |
| 44:41 | Pulverize |
| 44:45 | Troll Witch Doctor |
| 44:47 | Shaman |
| 45:04 | Great Hall |
| 45:30 | Spirit Walker Adept Training |
| 45:43 | Kodo Beast |
| 45:47 | Orc Burrow |
| 45:48 | Orc Burrow |
| 47:04 | Spirit Walker Master Training |
| 47:18 | Great Hall |
| 47:20 | Orc Burrow |
| 47:38 | Scroll of Town Portal |
| 47:58 | Great Hall |
| 48:00 | Orc Burrow |
| 48:21 | Tauren |
| 49:05 | Mirror Image |
| 50:15 | Orc Burrow |
| 50:23 | Orc Burrow |
| 51:37 | Great Hall |
| 51:42 | Peon |
| 51:43 | Peon |
| 51:43 | Peon |
| 52:04 | Wind Rider |
| 52:07 | Spirit Walker |
| 52:10 | Tauren |
| 52:11 | Spirit Walker |
| 52:40 | Hex |
| 52:41 | Wind Walk |
| 52:43 | Endurance Aura |
| 52:52 | Spirit Walker |
| 53:47 | Voodoo Lounge |
| 54:38 | Peon |
| 54:39 | Peon |
| 56:11 | Troll Witch Doctor |
| 56:11 | Shaman |
| 56:15 | Great Hall |
| 56:17 | Peon |
| 56:18 | Peon |
| 56:18 | Peon |
| 56:19 | Peon |
| 56:34 | Voodoo Lounge |
| 57:17 | Hex |
| 57:17 | Hex |
| 57:21 | Peon |
| 57:26 | Goblin Shredder |
| 57:26 | Goblin Shredder |
| 57:26 | Goblin Shredder |
| 58:27 | Shockwave |
| 58:53 | Improved Spiked Barricades |
| 58:53 | Arcanite Melee Weapons |
| 59:28 | Peon |
| 59:28 | Peon |
| 62:57 | Great Hall |
| 63:01 | Peon |
| 63:01 | Peon |
| 63:01 | Peon |
| 63:17 | Wind Walk |
| 63:45 | Tauren |
| 63:46 | Tauren |
| 63:46 | Spirit Walker |
| 63:46 | Spirit Walker |
| 63:50 | Tauren Totem |
| 63:55 | Troll Witch Doctor |
| 64:00 | Potion of Mana |
| 64:03 | Lesser Clarity Potion |
| 64:05 | Healing Salve |
| 64:07 | Healing Salve |
| 64:14 | Potion of Mana |
| 64:14 | Scroll of Town Portal |
| 64:34 | Great Hall |
| 65:45 | Tauren |
| 66:01 | Great Hall |
| 66:07 | Troll Batrider |
| 66:08 | Troll Batrider |
| 66:13 | Beastiary |
| 66:15 | Peon |
| 66:15 | Peon |
| 66:15 | Peon |
| 66:15 | Peon |
| 66:16 | Peon |
| 66:33 | Troll Batrider |
| 67:11 | Great Hall |
| 68:47 | Shockwave |
| 70:05 | Serpent Ward |
| 70:49 | Peon |
| 70:49 | Peon |
| 70:50 | Peon |
| 70:50 | Peon |
| 70:54 | Voodoo Lounge |
| 71:08 | Peon |
| 72:02 | Great Hall |
| 72:14 | Khadgar's Gem of Health |
| 72:14 | Khadgar's Gem of Health |
| 72:38 | Voodoo Lounge |
| 73:26 | Great Hall |
| 73:31 | Orc Burrow |
| 73:33 | Orc Burrow |
| 73:44 | Orc Burrow |
| 74:01 | Wind Walk |
| 74:53 | Peon |
| 74:53 | Peon |
| 75:06 | Scroll of Town Portal |
| 75:15 | Peon |
| 75:15 | Peon |
| 75:18 | Peon |
| 75:18 | Peon |
| 75:21 | Voodoo Lounge |
| 75:26 | Serpent Ward |
| 75:27 | Shockwave |
| 75:29 | Watch Tower |
| 76:23 | Troll Batrider |
| 76:23 | Troll Batrider |
| 76:27 | Watch Tower |
| 76:58 | Troll Batrider |
| 78:12 | Peon |
| 78:12 | Peon |
| 78:12 | Peon |
| 78:17 | Peon |
| Right click | 4403 |
| Select group | 2237 |
| Select | 2128 |
| Misc. action | 885 |
| Build/train/purchase | 593 |
| Chat | 451 |
| Use ability | 266 |
| Assign group | 108 |
| Item give/drop | 21 |
| Esc | 18 |
| Remove unit | 2 |